 Dungeon Crawl Stone Soup version 0.30-a0-1043-g60ff8d5f49 (webtiles) character file.

Game seed: 10592069159202286244

2183698 Datul the Shapeless Merfolk (level 27, 254/254 HPs)
             Began as a Merfolk Fighter on Apr 3, 2023.
             Was the Champion of Okawaru.
             Escaped with the Orb
             ... and 4 runes on Apr 10, 2023!
             The game lasted 06:32:20 (76947 turns).

Datul the Shapeless Merfolk (Merfolk Fighter)      Turns: 76947, Time: 06:32:21

Health: 254/254    AC: 23    Str: 23    XL:     27
Magic:  56/56      EV: 37    Int: 11    God:    Okawaru [******]
Gold:   6481       SH: 21    Dex: 32    Spells: 8/46 levels left

rFire   + . .      SeeInvis .    b - +9 trishula (holy)
rCold   + + +      Faith    .    l - +2 kite shield {reflect}
rNeg    + + .      Spirit   .    H - +5 steam dragon scales of Qiutuwe {Fly rElec rCorr Dex+7}
rPois   +          Reflect  +    f - +3 hat of Pondering {ponderous, Will+ MP+10 Int+5}
rElec   +          Rampage  .    I - +2 ratskin cloak {*Rats rPois rN+ Str-1 Int-1 Dex+1}
rCorr   +          Clarity  +    P - +2 pair of gloves of Okawaru's Displeasure {rC+ Will+ Int-4 Dex+3}
Will    ++++.                    V - +0 pair of boots of Gukud {Str+2}
Stlth   +++                      v - amulet "Qoopp" {RegenMP rN+ Str+2 Dex+3}
HPRegen 0.62/turn                k - ring "Subesesm" {rF+ rC+ MP+9}
MPRegen 0.75/turn                Y - ring of Surprise {Wiz rC+ Str-2 Dex+2 Stlth+}

@: flying, slow
A: (nimble swimmer 2), mertail, clarity, dopey 1, robust 1, subdued magic 1
0: Orb of Zot
}: 4/15 runes: decaying, slimy, silver, gossamer
a: Renounce Religion, Heroism, Finesse, Duel


You escaped.
You worshipped Okawaru.
Okawaru was exalted by your worship.
You visited 12 branches of the dungeon, and saw 56 of its levels.
You visited 2 bazaars.
You also visited: Ice Cave.

You collected 12730 gold pieces.
You spent 6249 gold pieces at shops.

Inventory:

Hand Weapons
 a - the +5 demon trident of Reapportionment {drain, rF+ SInv}
   (Okawaru gifted it to you on level 1 of the Lair of Beasts)

   rF:        It protects you from fire.
   SInv:      It lets you see invisible.
 b - a +9 trishula of holy wrath (weapon)
 G - the +3 Elemental Staff {rElec rF++ rC++ AC+5}
   (You found it on level 5 of the Pits of Slime)

   It enhances your fire, ice, earth and air magic.
   AC:        It affects your AC (+5).
   rF:        It greatly protects you from fire.
   rC:        It greatly protects you from cold.
   rElec:     It insulates you from electricity.
Missiles
 F - 18 boomerangs
 J - 29 curare-tipped darts
 T - 24 javelins
 X - 26 silver javelins
Armour
 f - the +3 hat of Pondering (worn) {ponderous, Will+ MP+10 Int+5}
   (You took it off Gastronok on level 1 of the Lair of Beasts)

   Int:       It affects your intelligence (+5).
   MP:        It affects your magic capacity (+10).
   Will:      It increases your willpower.
 l - a +2 kite shield of reflection (worn)
 A - a +2 cloak of willpower
 H - the +5 steam dragon scales of Qiutuwe (worn) {Fly rElec rCorr Dex+7}
   (Okawaru gifted it to you on level 4 of the Spider Nest)

   Dex:       It affects your dexterity (+7).
   rElec:     It insulates you from electricity.
   Fly:       It grants you flight.
   rCorr:     It protects you from acid and corrosion.
 I - the +2 ratskin cloak (worn) {*Rats rPois rN+ Str-1 Int-1 Dex+1}
   (Okawaru gifted it to you on level 1 of the Spider Nest)

   *Rats:     When the wearer is hurt, rats may emerge from it to assist them.
   Str:       It affects your strength (-1).
   Int:       It affects your intelligence (-1).
   Dex:       It affects your dexterity (+1).
   rPois:     It protects you from poison.
   rN:        It protects you from negative energy.
 P - the +2 pair of gloves of Okawaru's Displeasure (worn) {rC+ Will+ Int-4 Dex+3}
   (Okawaru gifted it to you on level 3 of the Depths)

   Int:       It affects your intelligence (-4).
   Dex:       It affects your dexterity (+3).
   rC:        It protects you from cold.
   Will:      It increases your willpower.
 V - the +0 pair of boots of Gukud (worn) {Str+2}
   (You acquired it on level 4 of the Realm of Zot)

   Str:       It affects your strength (+2).
Jewellery
 e - a ring of willpower
 k - the ring "Subesesm" (left hand) {rF+ rC+ MP+9}
   (You found it on level 14 of the Dungeon)

   [ring of protection from cold]

   rF:        It protects you from fire.
   rC:        It protects you from cold.
   MP:        It affects your magic capacity (+9).
 v - the amulet "Qoopp" (around neck) {RegenMP rN+ Str+2 Dex+3}
   (You took it off a purple draconian on level 2 of the Realm of Zot)

   [amulet of magic regeneration]

   It increases your rate of magic regeneration.
   Str:       It affects your strength (+2).
   Dex:       It affects your dexterity (+3).
   rN:        It protects you from negative energy.
 D - the ring of the Golden God {rPois rC- Str+8 Dex+4}
   (You took it off a yaktaur captain on level 5 of the Vaults)

   [ring of poison resistance]

   Str:       It affects your strength (+8).
   Dex:       It affects your dexterity (+4).
   rC:        It makes you vulnerable to cold.
   rPois:     It protects you from poison.
 M - a ring of see invisible
 Y - the ring of Surprise (right hand) {Wiz rC+ Str-2 Dex+2 Stlth+}
   (You found it on level 3 of the Elven Halls)

   [ring of wizardry]

   It improves your spell success rate.
   Str:       It affects your strength (-2).
   Dex:       It affects your dexterity (+2).
   rC:        It protects you from cold.
   Stlth:     It makes you more stealthy.
Wands
 w - a wand of iceblast (43)
 O - a wand of digging (9)
 U - a wand of acid (44)
Scrolls
 d - 9 scrolls of fear
 g - 22 scrolls of teleportation
 h - 2 scrolls of immolation
 i - 2 scrolls of silence
 t - 11 scrolls of vulnerability
 y - 7 scrolls of blinking
 K - 13 scrolls of fog
Potions
 c - 24 potions of curing
 j - 17 potions of heal wounds
 n - 8 potions of mutation
 o - 11 potions of attraction
 p - 4 potions of invisibility
 q - 8 potions of lignification
 r - 8 potions of brilliance
 s - 10 potions of cancellation
 u - 5 potions of might
 z - 9 potions of haste
 B - 8 potions of flight
 C - 4 potions of magic
 L - 8 potions of ambrosia
 Z - 5 potions of resistance
Miscellaneous
 m - a condenser vane
 E - a tin of tremorstones (2/2)
 N - a phial of floods
 R - a lightning rod (4/4)


   Skills:
 + Level 21.9 Fighting
 - Level 14.0 Polearms
 - Level 10.0 Throwing
 - Level 10.4 Armour
 - Level 20.6 Dodging
 - Level 20.4 Stealth
 - Level 20.1 Shields
 - Level 10.0 Spellcasting
 - Level 6.0 Conjurations
 - Level 12.7 Translocations
 O Level 27 Transmutations
 - Level 13.6 Ice Magic
 - Level 4.0 Earth Magic
 - Level 14.0 Invocations
 - Level 10.0 Evocations


You had 8 spell levels left.
You knew the following spells:

 Your Spells              Type           Power      Damage    Failure   Level
a - Apportation           Tloc           50%        N/A       1%          1
b - Manifold Assault      Tloc           25%        N/A       1%          4
c - Dispersal             Tloc           12%        N/A       4%          6
d - Irradiate             Conj/Tmut      16%        3d17      1%          5
e - Statue Form           Tmut/Erth      20%        N/A       1%          6
g - Passage of Golubria   Tloc           25%        N/A       1%          4
r - Ozocubu's Refrigerat  Ice            13%        4d10      21%         7
S - Silence               Hex/Air        2%         N/A       83%         5

Your spell library contained the following spells:

 Spells                   Type           Power      Damage    Failure   Level
 Wereblood                Tmut           49%        N/A       0%          2
 Ice Form                 Ice/Tmut       38%        N/A       0%          4
 Blade Hands              Tmut           24%        N/A       0%          5
 Foxfire                  Conj/Fire      36%        2x1d5     1%          1
 Kiss of Death            Conj/Necr      36%        2d8       1%          1
 Magic Dart               Conj           56%        1d5       1%          1
 Shock                    Conj/Air       36%        1d5       1%          1
 Blink                    Tloc           50%        N/A       1%          2
 Ensorcelled Hibernation  Hex/Ice        30%        N/A       1%          2
 Lesser Beckoning         Tloc           50%        N/A       1%          2
 Momentum Strike          Conj/Tloc      40%        3d9       1%          2
 Gell's Gravitas          Tloc           25%        N/A       1%          3
 Hailstorm                Conj/Ice       20%        3d6       1%          3
 Ignite Poison            Fire/Tmut/Pois 19%        N/A       1%          3
 Ozocubu's Armour         Ice            27%        N/A       1%          3
 Portal Projectile        Hex/Tloc       30%        N/A       1%          3
 Spider Form              Tmut/Pois      27%        N/A       1%          3
 Teleport Other           Tloc           25%        N/A       1%          3
 Vhi's Electric Charge    Tloc/Air       30%        N/A       1%          3
 Iskenderun's Mystic Bla  Conj/Tloc      20%        2d6       1%          4
 Petrify                  Tmut/Erth      30%        N/A       1%          4
 Alistair's Intoxication  Tmut/Pois      18%        N/A       1%          5
 Yara's Violent Unravell  Hex/Tmut       13%        3d7       1%          5
 Static Discharge         Conj/Air       18%        2-3/arc   2%          2
 Eringya's Noxious Bog    Tmut/Pois      13%        N/A       3%          6
 Dazzling Flash           Conj/Hex       18%        N/A       5%          3
 Necrotise                Necr           16%        1d4       6%          1
 Mephitic Cloud           Conj/Pois/Air  7%         N/A       8%          3
 Cigotuvi's Dreadful Rot  Necr/Pois/Air  8%         N/A       9%          2
 Sublimation of Blood     Necr           4%         N/A       9%          2
 Freezing Cloud           Conj/Ice/Air   7%         6-21      12%         5
 Iskenderun's Battlesphe  Conj           14%        2d7       14%         5
 Inner Flame              Hex/Fire       4%         N/A       17%         3
 Swiftness                Air            4%         N/A       17%         3
 Vampiric Draining        Necr           4%         2d6       17%         3
 Flame Wave               Conj/Fire      9%         2d6       17%         4
 Fulminant Prism          Conj/Hex       4%         3d5       17%         4
 Sticky Flame             Conj/Fire      9%         2d3       17%         4
 Storm Form               Tmut/Air       13%        N/A       21%         7
 Arcjolt                  Conj/Air       4%         1d14      43%         5
 Fireball                 Conj/Fire      4%         3d4       43%         5
 Airstrike                Air            2%         2d(1-17)  50%         4
 Anguish                  Hex/Necr       2%         N/A       50%         4
 Olgreb's Toxic Radiance  Pois           4%         N/A       50%         4
 Agony                    Necr           4%         N/A       83%         5
 Disjunction              Tloc           12%        N/A       89%         8
 Starburst                Conj/Fire      4%         6d4       94%         6
 Orb of Destruction       Conj           7%         9d6       98%         7
 Plasma Beam              Fire/Air       2%         2x1d13    100%        6
 Discord                  Hex            2%         N/A       100%        8
 Ignition                 Fire           2%         3d3       100%        8
 Maxwell's Capacitive Co  Air            2%         ∞         100%        8
 Summon Ice Beast         Ice/Summ       Unusable   N/A       N/A         4
 Summon Small Mammal      Summ           Unusable   N/A       N/A         1
 Call Imp                 Summ           Unusable   N/A       N/A         2
 Summon Forest            Summ/Tloc      Unusable   N/A       N/A         5
 Summon Guardian Golem    Hex/Summ       Unusable   N/A       N/A         3
 Tukima's Dance           Hex            Unusable   N/A       N/A         3
 Animate Armour           Summ/Erth      Unusable   N/A       N/A         4
 Animate Dead             Necr           Unusable   N/A       N/A         4
 Summon Lightning Spire   Summ/Air       Unusable   N/A       N/A         4
 Simulacrum               Ice/Necr       Unusable   N/A       N/A         6
 Spellforged Servitor     Conj/Summ      Unusable   N/A       N/A         7
 Summon Hydra             Summ           Unusable   N/A       N/A         7

Dungeon Overview and Level Annotations

Branches:
Dungeon (15/15)            Temple (1/1) D:5            Lair (5/5) D:9
  Swamp (4/4) Lair:2       Spider (4/4) Lair:3        Slime (5/5) Lair:5
    Orc (2/2) D:11            Elf (3/3) Orc:2        Vaults (5/5) D:13
  Crypt (3/3) Vaults:3       Tomb (0/3) Crypt:3      Depths (4/4) D:15
    Zot (5/5) Depths:4      IceCv (visited)

Altars:
Ashenzari
Cheibriados
Elyvilon
Fedhas
Gozag
Hepliaklqana
Kikubaaqudgha
Makhleb
Nemelex Xobeh
Okawaru
Qazlal
Ru
Sif Muna
Trog
Uskayaw
Vehumet
Wu Jian
Xom
Yredelemnul
Zin
The Shining One

Shops:
D:1 *   Orc:1 [   Orc:2 ?[:!(   Elf:2 ?*[:(   Vaults:1 (   Vaults:4 :(
Depths:1 *

Portals:
Hell: Lair:5 Depths:1 Depths:2 Depths:3 Depths:4
Abyss: Depths:3 Depths:4
Pandemonium: Depths:2 Depths:3 Depths:4
Ziggurat: Depths:2

Annotations:
Lair:3 3 runed translucent doors, Zonian's ghost, journeyman BaBr
Orc:1 1 transporter, Dutenacs's ghost, journeyman MiBe
Elf:2 2 runed translucent doors, Roxanne
Vaults:4 2 transporters, exclusion: obsidian statue


Innate Abilities, Weirdness & Mutations

((You are very nimble when in or above water. (Stealth+, EV+, Speed+++)))
Your lower body shifts to a powerful aquatic tail in water.
You possess an exceptional clarity of mind.
You are dopey. (Int -2)
You are robust. (+10% HP)
Your spells are a little easier to cast, but a little less powerful.


Message History

You reach down and close the door.
(D) Dungeon (T) Temple (L) Lair (S) Swamp (N) Spider Nest (M) Slime Pits (O) Orcish Mines (E) Elven Halls (V) Vaults (C) Crypt (W) Tomb (U) Depths (H) Hell (Z) Zot
Where to? (Enter - D:1 @ (x,y), ? - help)
A cherub opens the door.
It is wielding a +0 longbow.
There is a stone staircase leading up here.
The cherub shoots an arrow.
You reflect the arrow off your +2 kite shield of reflection!
The arrow barely misses the cherub.
You fly upwards.
There is a stone staircase leading down here.
(D) Dungeon (T) Temple (L) Lair (S) Swamp (N) Spider Nest (M) Slime Pits (O) Orcish Mines (E) Elven Halls (V) Vaults (C) Crypt (W) Tomb (U) Depths (H) Hell (Z) Zot
Where to? (Enter - D:1 @ (x,y), ? - help)
There is a stone staircase leading up here.
You fly upwards.
There is a stone staircase leading down here.
There is a stone staircase leading up here.
You fly upwards.
There is a stone staircase leading down here.
There is a stone staircase leading up here.
You fly upwards.
There is a stone staircase leading down here.
There is a stone staircase leading up here.
You fly upwards.
There is a stone staircase leading down here.
There is a stone staircase leading up, spattered with blood here.
You fly upwards.
There is a stone staircase leading down here.
You see here a +0 buckler.
There is an open door here.
You see here a +0 club.
You see here a +0 whip.
There is a large open door here.
There is a staircase leading out of the dungeon here.
You have escaped!

......# ########.#
......# #........#
......# #.############
......# #.............
.######
#####################
.# #.......## .#
#.####8#.# .#
##....##.#
.##############.@.##.#
### ............#
#...##.# #.#
............# ##.##.##
#.# # ............#
##')## #.######
#...........#####).####
#.##....
#.............).......#
#.##.###
#.....................#
#..#.# #
#.....................#
##.#.# #
#.....................#
#.#.# #


There were no monsters in sight!

Vanquished Creatures
  the Royal Jelly (Arena)
  4 dread liches
  3 ancient liches
  An orb of fire (Zot:5)
  Mennas (Vaults:2)
  Mara (Spider:3)
  4 juggernauts
  Parghit (Depths:4)
  2 Killer Klowns (Zot:5)
  Xtahua (Vaults:2)
  Bai Suzhen (Depths:2)
  The ghost of Tourr the Warrior, a veteran HuIE of Zin (Depths:3)
  Jory (Depths:3)
  Nikola (Vaults:3)
  9 golden dragons
  A bone dragon (Swamp:4)
  3 doom hounds (Depths:2)
  Zenata (Arena)
  3 electric golems
  Jorgrun (D:13)
  16 tentacled monstrosities
  A walking earthen tome (Depths:4)
  10 titans
  23 Orb Guardians
  4 deep elf blademasters (Elf:3)
  2 deep elf master archers (Elf:3)
  A walking frostbound tome (Depths:3)
  Mlioglotl (Swamp:3)
  7 quicksilver dragons
  Grunn (Depths:2)
  12 acid blobs
  7 liches
  6 sphinxes
  6 death cobs
  Gastronok (Lair:1)
  3 ancient champions
  7 tengu reavers
  8 azure jellies (Slime:5)
  Donald (Elf:2)
  16 shadow dragons
  13 storm dragons
  15 fire giants
  4 draconian knights
  9 rockslimes
  A fenstrider witch (Swamp:3)
  5 draconian monks
  3 revenants (Crypt:3)
  16 frost giants
  4 draconian scorchers
  7 deep elf sorcerers
  A balrug (Depths:2)
  Louise (Swamp:3)
  2 iron dragons
  5 emperor scorpions
  7 ghost moths
  2 draconian shifters (Zot:2)
  Aizul (Arena)
  A spectral juggernaut (Depths:3)
  16 ironbound preservers
  6 curse skulls
  18 vault wardens
  A spectral caustic shrike (Depths:3)
  2 spriggan defenders (Depths:3)
  2 draconian stormcallers
  2 broodmothers
  An orc warlord (Orc:2)
  2 draconian annihilators (Zot:1)
  17 stone giants
  7 ghouls
  5 war gargoyles
  A juggernaut skeleton (Crypt:2)
  10 quicksilver oozes
  6 ironbound thunderhulks
  2 reapers (Depths:1)
  25 very ugly things
  4 green draconians
  2 deep elf demonologists (Elf:3)
  The ghost of xian the Reanimator, a journeyman DsNe of Yredelemnul (Orc:2)
  7 black draconians
  Nessos (Lair:3)
  5 vampire knights
  8 deep elf annihilators
  Azrael (Spider:3)
  5 red draconians
  10 purple draconians
  5 spark wasps
  7 yellow draconians
  2 spectral titans
  8 eleionomae
  11 white draconians
  3 eidola
  10 dire elephants
  3 bunyips
  15 ettins
  A green death (Depths:1)
  7 jiangshi
  8 deep elf death magi
  A spectral spriggan (Crypt:3)
  14 fire dragons
  9 great orbs of eyes
  2 blizzard demons
  3 shambling mangroves
  19 yaktaur captains
  The ghost of Wuguth the Geomancer, a journeyman GrEE of Vehumet (Lair:1)
  Josephine (D:14)
  3 deep elf high priests
  7 entropy weavers
  9 hydras
  4 ice dragons
  4 rakshasas (Depths:2)
  A spectral sphinx (Depths:3)
  A spectral tengu (Depths:3)
  A catoblepas (Lair:5)
  30 vault guards
  10 centaur warriors
  2 hell beasts
  3 jorogumos
  13 boulder beetles
  12 two-headed ogres
  4 ghost crabs
  5 ogre magi
  2 radroaches
  Erolcha (Orc:2)
  6 spriggan air magi
  5 death knights
  5 death yaks (Lair:1)
  7 ironbound frosthearts
  7 tengu warriors
  19 dancing weapons
  2 alligators (Swamp:4)
  8 deep troll shamans
  6 deep troll earth magi
  4 vampire magi
  A hell knight (Vaults:5)
  3 spriggan berserkers
  8 death scarabs (Spider:4)
  An orc high priest (Arena)
  7 spriggans
  3 soul eaters
  8 deep elf knights
  3 sun demons
  2 sun moths
  2 skysharks
  20 skeletal warriors
  7 iron trolls
  12 pharaoh ants
  3 sixfirhies
  Lodul (D:11)
  8 goliath frogs
  5 swamp dragons
  16 shadow wraiths
  10 orb spiders
  5 glowing orange brains
  54 deep trolls
  6 flayed ghosts
  16 deep elf archers
  A shadow demon (Depths:3)
  10 bog bodies
  4 spriggan druids
  2 orc knights
  5 steelbarb worms
  4 lindwurms
  2 spectral iron dragons
  24 phantasmal warriors
  A golden dragon skeleton (Vaults:4)
  10 wizards
  19 ironbound convokers
  2 spectral hydras (Swamp:4)
  An obsidian statue (Depths:1)
  An orb spider (shapeshifter) (Vaults:5)
  2 spriggan simulacra (Depths:3)
  A spectral wolf spider (Spider:4)
  5 harpies (Vaults:1)
  A goliath frog zombie (Crypt:1)
  2 broodmother zombies (Spider:4)
  4 necromancers
  A wolf spider zombie (Crypt:1)
  9 orc sorcerers (Orc:2)
  17 deep elf zephyrmancers
  15 deep elf pyromancers
  A fire giant zombie (Vaults:1)
  24 wolf spiders
  2 wolf spiders (shapeshifter)
  34 moths of wrath
  An oklob plant (Swamp:4)
  A will-o-the-wisp (Lair:2)
  45 ugly things
  A faun (shapeshifter) (Vaults:5)
  A moth of wrath (shapeshifter) (Vaults:1)
  4 manticores
  17 elephants
  Maurice (Orc:2)
  6 cyclopes
  A large abomination (Zot:4)
  A shining eye (Slime:1)
  17 vault sentinels
  A smoke demon (D:7)
  4 rust devils
  3 ice statues (IceCv)
  2 black mambas
  A black mamba (shapeshifter) (Vaults:5)
  10 torpor snails
  4 centaur skeletons (D:13)
  14 cane toads
  9 demonic crawlers
  4 gargoyles
  4 orange demons
  2 eyes of devastation
  6 spectral redbacks (Spider:4)
  A water nymph (shapeshifter) (Vaults:5)
  2 unseen horror zombies (D:9)
  4 kobold demonologists
  Psyche (D:8)
  Maggie (Lair:1)
  An orb spider zombie (Crypt:2)
  A rime drake (shapeshifter) (Depths:2)
  2 komodo dragons (shapeshifter)
  A yaktaur (shapeshifter) (D:14)
  10 komodo dragons
  5 rime drakes
  A yaktaur zombie (Vaults:1)
  An anaconda simulacrum (IceCv)
  2 tormentors
  33 yaktaurs
  6 swamp worm zombies
  6 ice devils
  20 freezing wraiths
  3 tengu conjurers
  3 redback zombies (Spider:4)
  A harpy zombie (Crypt:2)
  A death yak skeleton (Crypt:1)
  A white draconian skeleton (Crypt:3)
  5 red devils
  7 meliai
  A troll (shapeshifter) (Vaults:5)
  2 shadow dragon simulacra (Depths:3)
  A red draconian skeleton (Crypt:3)
  5 hellwings
  2 polar bears
  5 trolls
  A hydra zombie (Swamp:4)
  11 hornets
  2 bloated husks
  A jumping spider zombie (Spider:4)
  24 tarantellas
  A spectral jumping spider (Spider:4)
  A spectral tarantella (Spider:4)
  5 tyrant leeches
  4 spectral swamp dragons (Swamp:4)
  A tarantella (shapeshifter) (Depths:3)
  An ettin zombie (Crypt:1)
  18 blink frogs
  3 alligator zombies (Swamp:4)
  4 dream sheep
  2 iron dragon simulacra (Depths:3)
  A culicivora zombie (Spider:4)
  A stone giant simulacrum (Vaults:4)
  Sigmund (D:4)
  73 slime creatures
  9 flying skulls (Crypt:3)
  5 water elementals
  65 yaks
  5 ynoxinuls
  20 jumping spiders
  6 shadows (Crypt:3)
  An air elemental (Elf:3)
  3 wyverns
  A spriggan (shapeshifter) (Vaults:5)
  An ettin skeleton (Vaults:4)
  A fire dragon skeleton (Crypt:1)
  17 wraiths
  20 culicivoras
  8 fire elementals
  A hog (shapeshifter) (Vaults:5)
  A wind drake zombie (Crypt:1)
  A fire bat (shapeshifter) (D:14)
  2 steam dragons
  4 neqoxecs
  62 redbacks
  7 golden eyes
  4 basilisks
  A human simulacrum (Vaults:1)
  7 vampire mosquitoes
  3 chaos spawn
  5 wargs
  15 swamp worms
  A water nymph zombie (Crypt:3)
  A naga zombie (Crypt:1)
  3 acid dragons
  7 hell hounds
  20 water moccasins
  A hydra simulacrum (IceCv)
  A merfolk skeleton (Crypt:3)
  6 swamp drakes
  2 floating eyes
  23 orc warriors
  3 sky beasts
  2 ice beasts
  3 black bears
  7 swamp dragon zombies
  A black mamba simulacrum (Crypt:1)
  18 ogres
  A human zombie (Vaults:1)
  3 wolves
  5 boggarts
  8 centaurs
  A wolf (shapeshifter) (Depths:2)
  3 phantoms
  9 kobold brigands
  A salamander zombie (Crypt:1)
  A komodo dragon zombie (Crypt:3)
  15 bullfrogs
  2 gnoll sergeants (D:11)
  A necrophage (Crypt:2)
  3 scorpions
  A scorpion (shapeshifter) (Vaults:4)
  4 cane toad simulacra (IceCv)
  3 earth elementals
  13 wights
  A troll zombie (Crypt:2)
  A warg skeleton (Crypt:1)
  A water moccasin skeleton (Crypt:2)
  2 elephant simulacra (IceCv)
  15 killer bees
  2 raiju skeletons (Crypt:3)
  A swamp dragon simulacrum (Crypt:1)
  10 electric eels
  A lava snake (D:8)
  A howler monkey (D:14)
  3 centaur zombies (D:9)
  A black bear zombie (Crypt:1)
  2 jellies
  2 hounds
  18 orc priests
  2 sleepcaps
  4 iguanas
  18 hell rats
  36 orc wizards
  A spectral swamp drake (Swamp:4)
  A wolf simulacrum (IceCv)
  4 centaur simulacra
  An ice beast zombie (Crypt:3)
  A killer bee simulacrum (D:8)
  2 howler monkey zombies (D:9)
  12 river rats (Lair:3)
  A swamp drake zombie (Swamp:4)
  15 adders
  9 gnolls (D:11)
  A gnoll (shapeshifter) (Vaults:5)
  7 white imps
  A worm (D:3)
  A dart slug (D:1)
  73 orcs
  11 bats
  A bat zombie (Crypt:3)
  5 endoplasms
  2 giant cockroaches
  9 goblins
  11 hobgoblins
  7 jackals
  13 quokkas
  A quokka (shapeshifter) (Vaults:5)
  9 ball pythons
  A ball python zombie (Crypt:2)
  7 frilled lizards
  A jackal zombie (Crypt:1)
  22 kobolds
  A kobold zombie (Crypt:2)
  13 rats
2417 creatures vanquished.

Vanquished Creatures (others)
  A shadow dragon (Vaults:5)
  An ettin (Depths:4)
  A deep elf death mage (Elf:3)
  A dancing weapon (Elf:3)
  A vampire mage (Depths:2)
  A goliath frog (Swamp:2)
  3 deep elf archers
  2 phantasmal warriors
  2 deep elf zephyrmancers
  A deep elf pyromancer (Elf:3)
  A bloated husk (Swamp:4)
  A tyrant leech (Swamp:2)
  6 phantoms (Swamp:4)
  4 foxfires
  14 fungi
  54 plants
  7 withered plants (D:9)
101 creatures vanquished.

Grand Total: 2518 creatures vanquished

Notes
Turn   | Place    | Note
-------+----------+-------------------------------------------
     0 | D:1      | Datul the Merfolk Fighter began the quest for the Orb.
     0 | D:1      | Reached XP level 1. HP: 18/18 MP: 1/1
    72 | D:1      | Reached XP level 2. HP: 24/24 MP: 2/2
   435 | D:1      | Reached XP level 3. HP: 29/29 MP: 3/3
   445 | D:1      | Found Ekoxolun's Assorted Antiques.
  1399 | D:2      | Reached skill level 5 in Polearms
  1548 | D:2      | Reached XP level 4. HP: 35/35 MP: 4/4
  1629 | D:2      | Identified the +3 buckler of Viywotot {rC+ Dex+2}
  2153 | D:3      | Found a shimmering altar of Xom.
  2234 | D:3      | Reached XP level 5. HP: 41/41 MP: 5/5
  2238 | D:3      | Identified the +4 dagger of Ekoyjomn {flame, *Corrode rElec
                  | Will++}
  2728 | D:4      | Noticed Sigmund
  2907 | D:4      | Reached XP level 6. HP: 47/47 MP: 6/6
  3120 | D:4      | Found an ornate altar of the Wu Jian Council.
  3443 | D:5      | Entered Level 5 of the Dungeon
  3583 | D:5      | Reached XP level 7. HP: 12/52 MP: 7/7
  3753 | D:5      | Reached skill level 10 in Polearms
  3856 | D:5      | Found a staircase to the Ecumenical Temple.
  4015 | D:1      | Bought a glowing grey potion for 26 gold pieces
  4015 | D:1      | Bought a white potion for 26 gold pieces
  4015 | D:1      | Bought a glass ring for 145 gold pieces
  4015 | D:1      | Bought a cyan potion for 26 gold pieces
  4015 | D:1      | Bought a scroll labelled BEYC SUJIJUKU for 29 gold pieces
  4015 | D:1      | Bought a scroll labelled VEORRY LIVUPOJ for 29 gold pieces
  4205 | Temple   | Entered the Ecumenical Temple
  4245 | Temple   | Became a worshipper of Warmaster Okawaru
  4394 | D:5      | Reached skill level 1 in Invocations
  4711 | D:6      | Found an opulent altar of Gozag.
  4816 | D:6      | Reached XP level 8. HP: 52/58 MP: 9/9
  4990 | D:6      | Reached * piety under Okawaru
  5091 | D:6      | Noticed a yak
  5139 | D:6      | Noticed a yak
  5326 | D:6      | Noticed a yak
  5328 | D:6      | Noticed a yak
  5343 | D:5      | Reached skill level 5 in Invocations
  5520 | D:6      | Killed a yak
  5560 | D:6      | Killed a yak
  5560 | D:6      | Reached ** piety under Okawaru
  5561 | D:6      | Reached XP level 9. HP: 52/64 MP: 13/13
  6399 | D:7      | Reached *** piety under Okawaru
  6967 | D:8      | Reached XP level 10. HP: 62/70 MP: 15/17
  7005 | D:8      | Learned a level 1 spell: Apportation
  7156 | D:8      | Reached **** piety under Okawaru
  7201 | D:8      | Reached skill level 10 in Invocations
  7766 | D:8      | Found a shimmering blue altar of Sif Muna.
  7766 | D:8      | Found a broken altar of Ashenzari.
  7864 | D:8      | Reached skill level 1 in Dodging
  7985 | D:8      | Noticed Psyche
  8035 | D:8      | Found a sparkling altar of Nemelex Xobeh.
  8037 | D:8      | Found a faded altar of an unknown god.
  8040 | D:8      | Found a faded altar of an unknown god.
  8297 | D:9      | Noticed a kobold demonologist
  8297 | D:9      | Noticed a kobold demonologist
  8302 | D:9      | Noticed a kobold demonologist
  8303 | D:9      | Noticed a smoke demon
  8305 | D:9      | Noticed a smoke demon
  8457 | D:9      | Found a glowing golden altar of the Shining One.
  8630 | D:8      | Killed a kobold demonologist
  8763 | D:8      | Killed a kobold demonologist
  8774 | D:9      | Noticed a sixfirhy
  8781 | D:8      | Noticed a soul eater
  8785 | D:8      | Killed a kobold demonologist
  8785 | D:8      | Reached ***** piety under Okawaru
  8886 | D:8      | Reached skill level 5 in Fighting
  9117 | D:9      | Reached skill level 5 in Dodging
  9352 | D:9      | Reached XP level 11. HP: 72/81 MP: 19/19
  9504 | D:9      | Found a staircase to the Lair.
  9632 | D:9      | Noticed a two-headed ogre
  9679 | Lair:1   | Entered Level 1 of the Lair of Beasts
  9853 | Lair:1   | Reached ****** piety under Okawaru
  9853 | Lair:1   | Received a gift from Okawaru
 10178 | Lair:1   | Noticed Maggie
 10310 | Lair:1   | Killed Maggie
 10353 | Lair:1   | Noticed a death yak
 10374 | Lair:1   | Reached skill level 10 in Fighting
 10390 | Lair:1   | Killed a death yak
 10409 | Lair:1   | Noticed Gastronok
 10499 | Lair:1   | Reached XP level 12. HP: 67/97 MP: 21/21
 10622 | Lair:1   | Noticed a death yak
 10646 | Lair:1   | Identified the +5 demon trident of Reapportionment {drain,
                  | rF+ SInv} (Okawaru gifted it to you on level 1 of the Lair
                  | of Beasts)
 10646 | Lair:1   | Received a gift from Okawaru
 10720 | Lair:1   | Killed Gastronok
 10794 | Lair:1   | Noticed a death yak
 10795 | Lair:1   | Noticed a death yak
 10826 | Lair:1   | Killed a death yak
 10827 | Lair:1   | Reached skill level 5 in Armour
 10835 | Lair:1   | Killed a death yak
 10854 | Lair:1   | Noticed a death yak
 10869 | Lair:1   | Killed a death yak
 10879 | Lair:1   | Killed a death yak
 11154 | Lair:1   | Received a gift from Okawaru
 11234 | Lair:1   | Found a runed translucent door.
 11234 | Lair:1   | Noticed Wuguth's ghost (journeyman GrEE)
 11679 | Lair:2   | Found a frozen archway.
 11716 | IceCv    | Entered an ice cave
 11795 | IceCv    | Gained mutation: You are robust. (+10% HP) [potion of
                  | mutation]
 11795 | IceCv    | Gained mutation: You are partially covered in iridescent
                  | scales. (AC +2) [potion of mutation]
 11795 | IceCv    | Gained mutation: You are mostly covered in iridescent
                  | scales. (AC +4) [potion of mutation]
 11795 | IceCv    | Gained mutation: A frigid envelope surrounds you and
                  | freezes all who hurt you. [potion of mutation]
 12141 | IceCv    | Reached skill level 5 in Shields
 12159 | IceCv    | Identified the +0 quarterstaff of the Inquisitive Stars
                  | {flame, Str+3}
 12163 | IceCv    | Identified the +3 quarterstaff "Lifebane" {elec, rF++ rN+
                  | Int+4 Stlth+}
 12260 | Lair:2   | Noticed an eight-headed hydra
 12273 | Lair:2   | Killed an eight-headed hydra
 12274 | Lair:2   | Reached XP level 13. HP: 105/113 MP: 19/22
 12345 | Lair:2   | Found a snail-covered altar of Cheibriados.
 12362 | Lair:2   | Received a gift from Okawaru
 13239 | Lair:2   | Found a staircase to the Swamp.
 13542 | Lair:3   | Reached skill level 1 in Throwing
 13770 | Lair:3   | Received a gift from Okawaru
 13973 | Lair:3   | Found a runed translucent gate.
 13973 | Lair:3   | Found a runed translucent gate.
 13973 | Lair:3   | Found a runed translucent gate.
 14052 | Lair:3   | Reached skill level 10 in Shields
 14123 | Lair:3   | Identified the +0 scale mail of the Moon {Str+3} (Okawaru
                  | gifted it to you on level 3 of the Lair of Beasts)
 14123 | Lair:3   | Received a gift from Okawaru
 14184 | Lair:3   | Found a hole to the Spider Nest.
 14185 | Lair:3   | Noticed Nessos
 14199 | Lair:3   | Reached skill level 5 in Throwing
 14204 | Lair:3   | Killed Nessos
 14443 | Lair:3   | Noticed Zonian's ghost (journeyman BaBr)
 14767 | Lair:4   | Reached XP level 14. HP: 112/121 MP: 23/23
 15410 | Lair:5   | Entered Level 5 of the Lair of Beasts
 15722 | Lair:5   | Found a staircase to the Slime Pits.
 16069 | Lair:5   | Reached skill level 10 in Dodging
 16256 | Lair:5   | Identified the +1 demon trident "Amissio" {pain, rCorr
                  | Dex+2 Stlth+} (Okawaru gifted it to you on level 5 of the
                  | Lair of Beasts)
 16256 | Lair:5   | Received a gift from Okawaru
 16554 | D:9      | Found a faded altar of an unknown god.
 16556 | D:9      | Found a hazy altar of Hepliaklqana.
 17098 | D:4      | Killed Sigmund
 17415 | D:8      | Killed Psyche
 17473 | D:10     | Entered Level 10 of the Dungeon
 17956 | D:10     | Reached skill level 1 in Translocations
 18287 | D:11     | Found a flickering gateway to a bazaar.
 18300 | Bazaar   | Entered a bazaar
 18327 | Bazaar   | Found Vionul's Book Shoppe.
 18356 | Bazaar   | Found Nozuv's General Store.
 18392 | Bazaar   | Bought a scroll of identify for 22 gold pieces
 18392 | Bazaar   | Bought a scroll of acquirement for 572 gold pieces
 18418 | Bazaar   | Bought Ozocubu's Autobiography for 168 gold pieces
 18426 | Bazaar   | Learned a level 7 spell: Ozocubu's Refrigeration
 18520 | D:11     | Found a staircase to the Orcish Mines.
 18751 | D:11     | Noticed Lodul
 18769 | D:11     | Killed Lodul
 19296 | Orc:1    | Entered Level 1 of the Orcish Mines
 19331 | Orc:1    | Received a gift from Okawaru
 19404 | Orc:1    | Found Huzue's Armour Shop.
 19489 | Orc:1    | Found a transporter.
 19504 | Orc:1    | Noticed Dutenacs's ghost (journeyman MiBe)
 19505 | Orc:1    | Identified the +2 dire flail "Amiowke" {venom, rC+ Str+2}
 19505 | Orc:1    | Identified the +1 great mace of Miryurghu {speed, Str+2}
 19773 | Orc:2    | Entered Level 2 of the Orcish Mines
 19923 | Orc:2    | Found a runed translucent gate.
 19924 | Orc:2    | Found a runed translucent gate.
 19925 | Orc:2    | Found a runed translucent gate.
 19926 | Orc:2    | Noticed xian's ghost (journeyman DsNe)
 19937 | Orc:2    | Noticed an orc warlord
 19978 | Orc:2    | Killed an orc warlord
 19978 | Orc:2    | Received a gift from Okawaru
 19979 | Orc:2    | Reached XP level 15. HP: 107/126 MP: 25/25
 19984 | Orc:2    | Noticed Maurice
 19997 | Orc:2    | Killed Maurice
 20179 | Arena    | Entered the Arena
 20196 | Orc:2    | Received a gift from Okawaru
 20220 | Orc:2    | Killed xian's ghost
 20231 | Orc:2    | Identified the +1 pair of gloves of Existentialism {rC++}
 20543 | Orc:2    | Identified the +4 troll leather armour of the Thistle
                  | {Rampage *Corrode rC+++ Regen+ Dex-2} (Okawaru gifted it to
                  | you on level 2 of the Orcish Mines)
 20543 | Orc:2    | Received a gift from Okawaru
 20545 | Orc:2    | Found Hifrodig's Antique Weapon Boutique.
 20558 | Orc:2    | Found a staircase to the Elven Halls.
 20685 | Orc:2    | Found Qaeng's Distillery.
 20755 | Orc:2    | Found a radiant altar of Vehumet.
 20758 | Orc:2    | Noticed Erolcha
 20768 | Orc:2    | Killed Erolcha
 20908 | Orc:2    | Reached skill level 5 in Ice Magic
 20915 | Orc:2    | Found an ancient bone altar of Kikubaaqudgha.
 20966 | Orc:2    | Found Ameti's Antique Armour Shop.
 20967 | Orc:2    | Found Hycu's Book Boutique.
 21111 | Orc:2    | Found Etaew's Magic Scroll Shop.
 21293 | Orc:2    | Bought a manual of Fighting for 960 gold pieces
 21293 | Orc:2    | Acquired 987 gold pieces
 21306 | Orc:2    | Bought a scroll of fog for 68 gold pieces
 21306 | Orc:2    | Bought 3 scrolls of enchant armour for 382 gold pieces
 21316 | Orc:2    | Bought a steaming ring mail for 324 gold pieces
 21316 | Orc:2    | Identified the +3 ring mail "Axea" {rC+ rN++ Str+4} (You
                  | bought it in a shop on level 2 of the Orcish Mines)
 21347 | Orc:2    | Bought a potion of curing for 39 gold pieces
 21347 | Orc:2    | Bought a potion of ambrosia for 104 gold pieces
 21347 | Orc:2    | Bought a potion of flight for 39 gold pieces
 21347 | Orc:2    | Bought a potion of invisibility for 104 gold pieces
 21347 | Orc:2    | Bought a potion of curing for 39 gold pieces
 22388 | D:12     | Reached skill level 5 in Translocations
 22418 | D:13     | Noticed Jorgrun
 22428 | D:13     | Killed Jorgrun
 22688 | D:13     | Found a radiant altar of Vehumet.
 22763 | D:13     | Received a gift from Okawaru
 22981 | D:13     | Received a gift from Okawaru
 23116 | D:13     | You fall into a shaft and drop 2 floors!
 23116 | D:15     | Entered Level 15 of the Dungeon
 23289 | D:14     | Noticed Josephine
 23303 | D:14     | Killed Josephine
 23303 | D:14     | Received a gift from Okawaru
 23484 | D:14     | Reached XP level 16. HP: 139/139 MP: 26/26
 23545 | D:14     | Identified the ring "Subesesm" {rF+ rC+ MP+9}
 23620 | D:14     | Identified the +0 robe of Tacvom {+Blink Str-3 SInv}
                  | (Okawaru gifted it to you on level 14 of the Dungeon)
 23620 | D:14     | Received a gift from Okawaru
 23669 | D:14     | Reached skill level 15 in Fighting
 24059 | D:14     | Got the Parchment of Cold
 24060 | D:14     | Identified the +0 plate armour of Skepticism {Int+3}
 24093 | D:14     | Found a glowing silver altar of Zin.
 24310 | D:13     | Found a gate to the Vaults.
 24704 | D:15     | Found a staircase to the Depths.
 25194 | D:15     | Found an iron altar of Okawaru.
 25637 | Spider:1 | Entered Level 1 of the Spider Nest
 25793 | Spider:1 | Received a gift from Okawaru
 25793 | Spider:1 | Found the +2 ratskin cloak {*Rats rPois rN+ Str-1 Int-1
                  | Dex+1}
 26195 | Spider:1 | Reached XP level 17. HP: 166/166 MP: 27/27
 27146 | Spider:2 | Received a gift from Okawaru
 28158 | Spider:3 | Reached skill level 10 in Armour
 28276 | Spider:3 | Received a gift from Okawaru
 28392 | Spider:3 | Noticed Azrael
 28412 | Spider:3 | Killed Azrael
 28414 | Spider:3 | Received a gift from Okawaru
 28423 | Spider:3 | Reached skill level 10 in Ice Magic
 28633 | Spider:3 | Noticed Mara
 28646 | Spider:3 | Noticed Datul's illusion
 28654 | Spider:3 | Killed Mara
 29468 | Spider:4 | Entered Level 4 of the Spider Nest
 29538 | Spider:4 | Reached skill level 1 in Spellcasting
 29783 | Spider:4 | Reached XP level 18. HP: 176/176 MP: 28/28
 29948 | Spider:4 | Reached skill level 5 in Spellcasting
 30137 | Spider:4 | Identified the +5 steam dragon scales of Qiutuwe {Fly rElec
                  | rCorr Dex+7} (Okawaru gifted it to you on level 4 of the
                  | Spider Nest)
 30137 | Spider:4 | Received a gift from Okawaru
 31021 | Spider:4 | Reached skill level 1 in Stealth
 31462 | Spider:4 | Reached skill level 5 in Stealth
 31552 | Spider:4 | Got a gossamer rune of Zot
 31813 | Swamp:1  | Entered Level 1 of the Swamp
 32192 | Swamp:1  | Reached skill level 10 in Throwing
 32351 | Swamp:1  | Received a gift from Okawaru
 32475 | Swamp:1  | Identified the +6 scale mail of the Kraken {rN+ Int+3 SInv
                  | Stlth-}
 32603 | Swamp:1  | Identified the +1 great sword of Xudiapid {vamp, Int+4}
 32769 | Swamp:2  | Received a gift from Okawaru
 32814 | Swamp:2  | Noticed a tentacled monstrosity
 32822 | Swamp:2  | Killed a tentacled monstrosity
 32897 | Swamp:2  | Received a gift from Okawaru
 33012 | Swamp:2  | Identified the +2 plate armour "Acuras" {Harm Slay+5}
                  | (Okawaru gifted it to you on level 2 of the Swamp)
 33012 | Swamp:2  | Received a gift from Okawaru
 33298 | Swamp:3  | Noticed Louise
 33316 | Swamp:2  | Reached XP level 19. HP: 138/182 MP: 31/31
 33451 | Swamp:3  | Killed Louise
 33820 | Swamp:3  | Noticed Mlioglotl
 33839 | Swamp:3  | Killed Mlioglotl
 34073 | Swamp:4  | Entered Level 4 of the Swamp
 34304 | Swamp:4  | Noticed Aizul
 34307 | Arena    | Entered the Arena
 34319 | Arena    | Killed Aizul
 35264 | Swamp:4  | Noticed a bone dragon
 35291 | Swamp:4  | Killed a bone dragon
 35297 | Swamp:4  | Got a decaying rune of Zot
 35548 | Vaults:1 | Entered Level 1 of the Vaults
 35676 | Vaults:1 | Reached skill level 10 in Spellcasting
 35976 | Vaults:1 | Received a gift from Okawaru
 36079 | Vaults:1 | Found Tiunki's Antique Weapon Shoppe.
 36143 | Vaults:1 | Bought a crystal sling for 208 gold pieces
 36143 | Vaults:1 | Identified the +3 sling of Flawed Execution {freeze, rElec
                  | rPois Int-3 Dex-3} (You bought it in a shop on level 1 of
                  | the Vaults)
 36432 | Lair:5   | Found a burning altar of Makhleb.
 36436 | Lair:5   | Received a gift from Okawaru
 36494 | Lair:5   | Found a gateway to Hell.
 37568 | Vaults:1 | Received a gift from Okawaru
 37782 | Vaults:1 | Reached XP level 20. HP: 188/191 MP: 34/34
 38225 | Vaults:2 | Received a gift from Okawaru
 38340 | Vaults:2 | Reached skill level 15 in Shields
 38402 | Vaults:2 | Received a gift from Okawaru
 38610 | Vaults:2 | Noticed Xtahua
 38619 | Vaults:2 | Killed Xtahua
 38639 | Vaults:2 | Reached skill level 15 in Dodging
 38706 | Vaults:2 | Identified the +1 cloak of Fuann {Str+4} (Okawaru gifted it
                  | to you on level 2 of the Vaults)
 38706 | Vaults:2 | Received a gift from Okawaru
 38841 | Vaults:2 | Noticed Mennas
 38881 | Vaults:2 | Killed Mennas
 39789 | Vaults:3 | Noticed Nikola
 39812 | Vaults:3 | Killed Nikola
 40076 | Vaults:3 | Found a staircase to the Crypt.
 40076 | Vaults:3 | Found a basalt altar of Yredelemnul.
 40077 | Vaults:3 | Found an ancient bone altar of Kikubaaqudgha.
 40506 | Vaults:3 | Received a gift from Okawaru
 40680 | Vaults:3 | Received a gift from Okawaru
 40958 | Vaults:3 | Reached XP level 21. HP: 198/198 MP: 35/35
 41653 | Vaults:4 | Found Vureimua's Antique Weapon Boutique.
 41702 | Vaults:4 | Identified the +2 spear of the Hall of Blades {venom, rF+
                  | Stlth+} (Okawaru gifted it to you on level 4 of the Vaults)
 41702 | Vaults:4 | Received a gift from Okawaru
 41900 | Vaults:4 | Found Eptiq's Book Shoppe.
 41990 | Vaults:4 | Found a flickering gateway to a bazaar.
 41996 | Bazaar   | Entered a bazaar
 41996 | Bazaar   | Found Ziyxikyn's General Store.
 41996 | Bazaar   | Found Sokawuh's Antique Armour Shop.
 42039 | Bazaar   | Found Ufosu's Antique Weapon Shop.
 42061 | Bazaar   | Bought a phial of floods for 520 gold pieces
 42061 | Bazaar   | Bought a scroll of silence for 123 gold pieces
 42061 | Bazaar   | Bought 4 silver javelins for 468 gold pieces
 42073 | Bazaar   | Bought a twisted scale mail for 144 gold pieces
 42073 | Bazaar   | Identified the +2 scale mail of Salvation {Contam rC+
                  | Regen+} (You bought it in a shop in a bazaar)
 42073 | Bazaar   | Bought a translucent plate armour for 448 gold pieces
 42073 | Bazaar   | Identified the +1 plate armour of Too Many Cooks {Dex+5
                  | SInv} (You bought it in a shop in a bazaar)
 42523 | Vaults:4 | Reached skill level 10 in Translocations
 42566 | Vaults:4 | Bought Great Wizards, Vol. VII for 330 gold pieces
 42571 | Vaults:4 | Learned a level 4 spell: Passage of Golubria
 42688 | Vaults:4 | Received a gift from Okawaru
 42735 | Vaults:4 | Found a transporter.
 42736 | Vaults:4 | Noticed an ancient lich
 42854 | Vaults:4 | Learned a level 5 spell: Silence
 43161 | Vaults:4 | Found a transporter.
 43217 | Vaults:4 | Upgraded the game from 0.30-a0-989-g0d87f670db to
                  | 0.30-a0-996-ga6910c8ee8
 43575 | Elf:1    | Entered Level 1 of the Elven Halls
 44040 | Elf:1    | Identified the +2 bardiche of Death {spect, rC- MP-9 Int+4
                  | SInv}
 44684 | Elf:2    | Found Humpinion's Book Shoppe.
 44684 | Elf:2    | Found Wytutwush's Magic Scroll Emporium.
 44686 | Elf:2    | Found Apnikod's Assorted Antiques.
 44688 | Elf:2    | Found Askaudgh's Armour Shoppe.
 44726 | Elf:2    | Noticed Zenata
 44733 | Arena    | Entered the Arena
 44744 | Arena    | Killed Zenata
 44897 | Elf:2    | Noticed Roxanne
 45025 | Elf:2    | Found Sassef Xezo's Antique Weapon Boutique.
 45145 | Elf:2    | Found a runed translucent door.
 45162 | Elf:2    | Noticed Donald
 45191 | Elf:2    | Killed Donald
 45201 | Elf:2    | Found a runed translucent door.
 45362 | Elf:2    | Bought a book of the Sky for 704 gold pieces
 45375 | Elf:3    | Entered Level 3 of the Elven Halls
 45418 | Elf:3    | Paralysed by an air elemental for 1 turns
 45706 | Elf:3    | Identified the +0 tower shield of Domummon {rPois rC-
                  | Int+7} (Okawaru gifted it to you on level 3 of the Elven
                  | Halls)
 45706 | Elf:3    | Received a gift from Okawaru
 45823 | Elf:3    | Reached XP level 22. HP: 206/206 MP: 36/36
 46613 | Elf:3    | Found the +8 Wrath of Trog {antimagic, *Rage Rampage}
 46637 | Elf:3    | Identified the ring of Surprise {Wiz rC+ Str-2 Dex+2
                  | Stlth+}
 46690 | Elf:3    | Identified the +2 robe "Vuno" {rPois Dex+2}
 46731 | Elf:3    | Got the Excursus on Heat and Bruises
 46764 | Elf:3    | Identified the +0 mace "Fenif" {flame, rElec rPois rCorr
                  | Dex-5}
 46797 | Elf:3    | Acquired a manual of Transmutations
 46799 | Elf:3    | Upgraded the game from 0.30-a0-996-ga6910c8ee8 to
                  | 0.30-a0-1018-g25214051b3
 47112 | Depths:1 | Entered Level 1 of the Depths
 47133 | Depths:1 | Reached skill level 1 in Transmutations
 47143 | Depths:1 | Reached skill level 2 in Transmutations
 47144 | Depths:1 | Reached skill level 3 in Transmutations
 47158 | Depths:1 | Reached skill level 4 in Transmutations
 47178 | Depths:1 | Identified the +1 ring mail of Daisies {rPois rF+ Stlth+}
 47267 | Depths:1 | Reached skill level 5 in Transmutations
 47568 | D:15     | Reached skill level 6 in Transmutations
 47581 | D:15     | Reached skill level 7 in Transmutations
 47663 | Depths:1 | Reached skill level 8 in Transmutations
 47696 | Depths:1 | Reached skill level 9 in Transmutations
 47733 | Depths:1 | Found Hoidit's Assorted Antiques.
 47879 | Depths:1 | Bought a scroll of blinking for 202 gold pieces
 47879 | Depths:1 | Acquired 679 gold pieces
 48177 | Depths:1 | Reached skill level 10 in Transmutations
 48632 | Depths:1 | Reached skill level 11 in Transmutations
 48665 | Depths:1 | Identified the +3 trident of Devotion {speed, *Slow rC+
                  | Int+3 Dex+2} (Okawaru gifted it to you on level 1 of the
                  | Depths)
 48665 | Depths:1 | Received a gift from Okawaru
 48682 | Depths:1 | Reached skill level 12 in Transmutations
 49076 | Depths:2 | Reached skill level 13 in Transmutations
 49104 | Depths:2 | Noticed Bai Suzhen
 49120 | Depths:1 | Learned a level 4 spell: Manifold Assault
 49127 | Depths:1 | Learned a level 6 spell: Dispersal
 49133 | Depths:1 | Learned a level 5 spell: Irradiate
 49160 | Depths:2 | Killed Bai Suzhen
 49300 | Depths:2 | Reached skill level 14 in Transmutations
 49400 | Depths:2 | Found a one-way gateway to a ziggurat.
 49568 | Depths:2 | Noticed Grunn
 49581 | Depths:2 | Killed Grunn
 49868 | Depths:2 | Found a blossoming altar of Fedhas.
 49978 | Depths:2 | Received a gift from Okawaru
 49980 | Depths:2 | Reached skill level 15 in Transmutations
 50106 | Depths:2 | Found a one-way gate leading to the halls of Pandemonium.
 50107 | Depths:2 | Gained mutation: You occasionally lose the ability to read
                  | scrolls when taking damage. [a neqoxec]
 50256 | Depths:2 | Reached XP level 23. HP: 167/213 MP: 32/37
 50320 | Depths:2 | Reached skill level 10 in Stealth
 50357 | Depths:2 | Identified the +1 scale mail "Jufiohim" {Regen+}
 50667 | Depths:2 | Reached skill level 16 in Transmutations
 51588 | Depths:3 | Found a runed translucent gate.
 51589 | Depths:3 | Found a runed translucent gate.
 51633 | Depths:3 | Found a runed translucent gate.
 51635 | Depths:3 | Noticed a dread lich
 51701 | Depths:3 | Noticed a juggernaut
 51701 | Depths:3 | Noticed a golden dragon
 51712 | Depths:3 | Noticed a juggernaut
 51730 | Depths:3 | Identified the +7 bardiche "Mifistreu" {drain, rElec Will-
                  | Int+4}
 51732 | Depths:3 | Reached skill level 15 in Stealth
 51736 | Depths:3 | Killed a golden dragon
 51739 | Depths:3 | Killed a juggernaut
 51757 | Depths:3 | Killed a juggernaut
 51759 | Depths:3 | Received a gift from Okawaru
 51971 | Depths:3 | Identified the +1 ring mail "Hoami" {rPois rF+ rC+ Stlth+}
 51975 | Depths:3 | Identified the +2 short sword "Yjux" {drain, Int+2}
 52365 | Depths:3 | Received a gift from Okawaru
 52770 | Depths:3 | Found a one-way gate to the infinite horrors of the Abyss.
 52865 | Depths:3 | Noticed Tourr's ghost (veteran HuIE)
 52888 | Depths:3 | Killed a dread lich
 52929 | Depths:3 | Killed Tourr's ghost
 52929 | Depths:3 | Identified the +2 pair of gloves of Okawaru's Displeasure
                  | {rC+ Will+ Int-4 Dex+3} (Okawaru gifted it to you on level
                  | 3 of the Depths)
 52929 | Depths:3 | Received a gift from Okawaru
 53098 | Depths:4 | Entered Level 4 of the Depths
 53105 | Depths:4 | Noticed Jory
 53134 | Depths:3 | Killed Jory
 53852 | Depths:4 | Noticed a juggernaut
 53890 | Depths:4 | Noticed Parghit
 54105 | Depths:4 | Identified the +0 robe of Hysteria {rF- rC++ rN+}
 54119 | Depths:4 | Reached XP level 24. HP: 176/222 MP: 19/37
 54329 | Depths:4 | Noticed a juggernaut
 54569 | Depths:4 | Killed a juggernaut
 54631 | Depths:4 | Killed a juggernaut
 54671 | Depths:4 | Killed Parghit
 55387 | Depths:4 | Found a gate to the Realm of Zot.
 55570 | Depths:4 | Paralysed by a floating eye for 4 turns
 56201 | Lair:1   | Killed Wuguth's ghost
 56538 | Crypt:1  | Entered Level 1 of the Crypt
 56606 | Crypt:1  | Reached skill level 1 in Evocations
 57110 | Crypt:1  | Reached skill level 5 in Evocations
 57394 | Crypt:1  | Identified the +0 pair of gloves "Violaff" {Harm rElec
                  | Slay+3} (Okawaru gifted it to you on level 1 of the Crypt)
 57394 | Crypt:1  | Received a gift from Okawaru
 57505 | Crypt:1  | Found a runed translucent door.
 57506 | Crypt:1  | Noticed a dread lich
 57822 | Crypt:1  | Killed a dread lich
 59243 | Crypt:3  | Entered Level 3 of the Crypt
 59893 | Crypt:3  | Reached skill level 10 in Evocations
 60030 | Crypt:3  | Found a staircase to the Tomb.
 60341 | Crypt:3  | Found an ancient bone altar of Kikubaaqudgha.
 60396 | Crypt:3  | Reached XP level 25. HP: 229/230 MP: 37/37
 60460 | Crypt:3  | Received a gift from Okawaru
 60707 | Crypt:3  | Found the +5 robe of Night {Dark Will+ SInv}
 60736 | Crypt:3  | Got the Omnibus of Impurities
 60792 | Crypt:3  | Received a gift from Okawaru
 61063 | Crypt:3  | Upgraded the game from 0.30-a0-1018-g25214051b3 to
                  | 0.30-a0-1035-g38d5fb2972
 61449 | Slime:1  | Entered Level 1 of the Pits of Slime
 61580 | Slime:1  | Reached skill level 1 in Conjurations
 61966 | Slime:3  | Identified the +3 chain mail of Optimism {Harm Str+5}
                  | (Okawaru gifted it to you on level 3 of the Pits of Slime)
 61966 | Slime:3  | Received a gift from Okawaru
 62248 | Slime:5  | Entered Level 5 of the Pits of Slime
 62756 | Slime:4  | Reached skill level 5 in Conjurations
 62758 | Slime:4  | Gained mutation: Your spells are a little easier to cast,
                  | but a little less powerful. [a shining eye]
 63054 | Slime:5  | Noticed the Royal Jelly
 63079 | Arena    | Entered the Arena
 63079 | Arena    | Killed the Royal Jelly
 63334 | Slime:5  | Found the +3 Elemental Staff {rElec rF++ rC++ AC+5}
 63357 | Slime:5  | Identified the +1 great mace of Qezxer {freeze, Will+ Str+3
                  | Int+2 Stlth+}
 63380 | Slime:5  | Got a slimy rune of Zot
 63382 | Slime:5  | Identified the staff of air "Dutiah" {rElec Will+}
 63441 | Slime:5  | Identified the +2 hand axe "Giz Dule" {flame, rElec MP+9}
 63722 | Lair:5   | Upgraded the game from 0.30-a0-1035-g38d5fb2972 to
                  | 0.30-a0-1043-g60ff8d5f49
 64682 | Vaults:5 | Entered Level 5 of the Vaults
 64884 | Vaults:5 | Reached skill level 17 in Transmutations
 65136 | Vaults:5 | Identified the +2 battleaxe of the Mushroom {venom, rPois
                  | Will+ Stlth+}
 65308 | Vaults:5 | Identified the +4 arbalest of Jocular Innocence {penet, Fly
                  | rC+}
 65337 | Vaults:5 | Reached skill level 18 in Transmutations
 65543 | Vaults:5 | Identified the +8 falchion of the Shifting Ancients {drain,
                  | Str+3}
 65624 | Vaults:5 | Noticed a dread lich
 65634 | Vaults:5 | Killed a dread lich
 65690 | Vaults:5 | Identified the scarf of the Moon {harm, +Inv rC+ Str+5}
                  | (Okawaru gifted it to you on level 5 of the Vaults)
 65690 | Vaults:5 | Received a gift from Okawaru
 65691 | Vaults:5 | Reached skill level 19 in Transmutations
 65926 | Vaults:5 | Identified the ring of the Golden God {rPois rC- Str+8
                  | Dex+4}
 66156 | Vaults:5 | Reached skill level 20 in Transmutations
 66492 | Vaults:5 | Reached XP level 26. HP: 232/233 MP: 37/37
 66737 | Vaults:5 | Reached skill level 21 in Transmutations
 66762 | Vaults:5 | Got the Precepts of Command and Teratogeny
 67087 | Vaults:5 | Got a silver rune of Zot
 67145 | Vaults:5 | Got the Book of the Cemetery and Evolution
 67153 | Vaults:5 | Learned a level 6 spell: Statue Form
 67775 | Vaults:5 | Identified the +5 plate armour of the Iron City of Dis {rF-
                  | Int+2 Stlth+}
 68006 | Vaults:5 | Reached skill level 22 in Transmutations
 68622 | Zot:1    | Entered Level 1 of the Realm of Zot
 69664 | Zot:1    | Identified the +2 chain mail of Sorcery {rC+ Str+3}
                  | (Okawaru gifted it to you on level 1 of the Realm of Zot)
 69664 | Zot:1    | Received a gift from Okawaru
 69704 | Zot:1    | Identified the +3 plate armour of Cynicism {rC- rCorr Dex+3
                  | Stlth+}
 70199 | Zot:1    | Reached skill level 1 in Earth Magic
 71315 | Zot:1    | Reached skill level 23 in Transmutations
 71647 | Zot:2    | Noticed an ancient lich
 71695 | Zot:2    | Noticed an ancient lich
 71841 | Zot:2    | Killed an ancient lich
 71841 | Zot:2    | Received a gift from Okawaru
 72048 | Zot:2    | Reached XP level 27. HP: 223/248 MP: 36/37
 72049 | Zot:2    | Killed an ancient lich
 72710 | Zot:2    | Identified the amulet "Qoopp" {RegenMP rN+ Str+2 Dex+3}
 72759 | Zot:2    | Reached skill level 24 in Transmutations
 73174 | Zot:3    | Identified the +1 cloak of the Gate {Int+3} (Okawaru gifted
                  | it to you on level 3 of the Realm of Zot)
 73174 | Zot:3    | Received a gift from Okawaru
 73890 | Zot:4    | Acquired the +0 pair of boots of Gukud {Str+2}
 74249 | Zot:5    | Entered Level 5 of the Realm of Zot
 74260 | Zot:5    | Reached skill level 25 in Transmutations
 75056 | Zot:5    | Reached skill level 26 in Transmutations
 75160 | Zot:5    | Noticed an ancient lich
 75166 | Zot:5    | Killed an ancient lich
 75360 | Zot:5    | Noticed an orb of fire
 75370 | Zot:5    | Gained mutation: You are dopey. (Int -2) [an orb of fire]
 75381 | Zot:5    | Gained mutation: You occasionally lose the ability to drink
                  | potions when taking damage. [an orb of fire]
 75407 | Zot:5    | Gained mutation: You are weak. (Str -2) [an orb of fire]
 75409 | Zot:5    | Killed an orb of fire
 75571 | Zot:5    | Lost mutation: A frigid envelope surrounds you and freezes
                  | all who hurt you. [potion of mutation]
 75571 | Zot:5    | Lost mutation: You are mostly covered in iridescent scales.
                  | (AC +4) [potion of mutation]
 75571 | Zot:5    | Gained mutation: Your system is resistant to poisons.
                  | (rPois) [potion of mutation]
 75571 | Zot:5    | Gained mutation: You sometimes lose the ability to read
                  | scrolls when taking damage. [potion of mutation]
 75585 | Zot:5    | Lost mutation: Your system is resistant to poisons. (rPois)
                  | [potion of mutation]
 75585 | Zot:5    | Lost mutation: You are robust. (+10% HP) [potion of
                  | mutation]
 75585 | Zot:5    | Lost mutation: You occasionally lose the ability to drink
                  | potions when taking damage. [potion of mutation]
 75585 | Zot:5    | Lost mutation: You are weak. (Str -2) [potion of mutation]
 75586 | Zot:5    | Lost mutation: You sometimes lose the ability to read
                  | scrolls when taking damage. [potion of mutation]
 75586 | Zot:5    | Lost mutation: You are partially covered in iridescent
                  | scales. (AC +2) [potion of mutation]
 75586 | Zot:5    | Lost mutation: You occasionally lose the ability to read
                  | scrolls when taking damage. [potion of mutation]
 75586 | Zot:5    | Gained mutation: You are robust. (+10% HP) [potion of
                  | mutation]
 75586 | Zot:5    | Gained mutation: You possess an exceptional clarity of
                  | mind. [potion of mutation]
 75653 | Zot:5    | Noticed a dread lich
 75726 | Zot:5    | Killed a dread lich
 75727 | Zot:5    | Reached skill level 27 in Transmutations
 76319 | Zot:5    | Got the Orb of Zot
 76411 | Zot:5    | Received a gift from Okawaru
 76724 | D:10     | Noticed Qumink the pandemonium lord
 76947 | D:$      | Escaped with the Orb!

Illustrated notes

Levels and vault maps discovered:
D:1:      saegor_arrival_simple_e, layout_basic, serial_shops, shop
D:2:      layout_basic
D:3:      layout_rooms, xom_teletrap_fun, minmay_fractal_squares_diagonal_5
D:4:      layout_gridville, mainiacjoe_overflow_chevrons,
          kennysheep_another_room, uniq_sigmund
D:5:      wander_river, layout_basic, minmay_temple_entry_slanted
D:6:      layout_basic, nicolae_gozag_cash_rules_everything_around_me,
          chequers_serial_rivers_micro_a
D:7:      layout_loops_corners, minmay_misc_feat_secret_circle
D:8:      layout_loops_corners, chequers_temple_overflow_minitemple, serial_ice,
          serial_ice_e, serial_ice_l, serial_ice_f, serial_ice_h, serial_ice_n,
          serial_ice_d, hangedman_decor_points, kennysheep_generic_room_2,
          uniq_psyche
D:9:      layout_small_grid, beargit_hepliaklqana_dungeon_heroes,
          tso_metal_star, david_lair_shrubbed, serial_undead, serial_undead_e,
          serial_undead_b, serial_undead_b, serial_undead_c
D:10:     layout_grid_maze
D:11:     layout_basic, david_orc_3, serial_shops, bzr_entry_dummy, uniq_lodul
D:12:     layout_long_grid
D:13:     layout_cave_pools, hangedman_vaults_entry_quadrant_bands,
          nicolae_vehumet_radiance, uniq_jorgrun
D:14:     minmay_expanding_squares, layout_basic, grunt_decor_arrowhead,
          small_statue_intersection, zin_academy, uniq_josephine
D:15:     grunt_enter_depths_snipers, layout_loops_cross,
          hellmonk_okawaru_the_only_friend_you_need, corexii_checkpoint_b,
          serial_bayou_crossing
Temple:   compressed_dpeg_circular_temple
Lair:1:   layout_loops_ring, gammafunk_ghost_grave, st_stairs_4,
          serial_bayou_pond_e, grunt_megastairs_1, uniq_gastronok, uniq_maggie
Lair:2:   layout_cave_pods, nicolae_swamp_entry_splash_gauntlet,
          portal_ice_cave_entry_pillars_1, kennysheep_snail_temple
Lair:3:   lemuel_ratsnest, layout_regular_city, dummy_spider_entry,
          gammafunk_ghost_hydra_chop, serial_bayou_pond_b, st_stairs_13,
          cheibrodos_lair_reptile_den, grunt_megastairs_5, uniq_nessos
Lair:4:   layout_loops_ring, disabler_island, grunt_megastairs_4
Lair:5:   evil_forest, layout_hall_layers, slime_entry_1
Swamp:1:  layout_basic_swamp, evilmike_swamp_ruin_rubble_1
Swamp:2:  layout_basic_swamp, evilmike_swamp_ruin_wall, swamp_pool5,
          nzn_swamp_stair_ambush
Swamp:3:  nicolae_swamp_decorative_isthmus, layout_basic_swamp,
          evilmike_swamp_ruin_house_6, cheibrodos_swamp_witchery,
          infiniplex_staircase_pool_2, uniq_louise, uniq_mlioglotl
Swamp:4:  swamp_pestilence, layout_basic_swamp, uniq_aizul
Spider:1: layout_spider_delve, nicolae_spider_orb_run
Spider:2: layout_spider_delve
Spider:3: nicolae_spider_hilbert_zone_5 [nicolae_spider_hilbert_3_sides_1_open,
          nicolae_spider_hilbert_4_sides_1_open,
          nicolae_spider_hilbert_4_sides_1_open,
          nicolae_spider_hilbert_6_sides_1_open,
          nicolae_spider_hilbert_6_sides_1_open], uniq_azrael, uniq_mara
Spider:4: floodkiller_spider_rune_tomb, nicolae_spider_nook
Slime:1:  layout_caves, cheibrodos_slime_lost_civilization_7
Slime:2:  layout_caves
Slime:3:  layout_caves
Slime:4:  layout_caves
Slime:5
Orc:1:    layout_diamond_mine, serial_shops, nicolae_shop_crystal,
          gammafunk_ghost_smash
Orc:2:    kennysheep_orc_mage_school, layout_diamond_mine,
          gammafunk_ghost_split, serial_shops, nicolae_shop_statue_plus,
          uniq_maurice
Elf:1:    minmay_elf_arrival_summoners, layout_loops_corners, evilmike_minifort,
          lemuel_upstairs_altar
Elf:2:    nicolae_elf_blades_splatter_lattice
          [nicolae_blade_entry_splitting_headache], layout_rooms, serial_shops,
          nicolae_shop_waterfront, minmay_shoptagon, uniq_roxanne, uniq_zenata,
          uniq_donald
Elf:3:    minmay_elf_hall, layout_loops_ring, grunt_megastairs_2
Vaults:1: ontoclasm_vaults_chip, ontoclasm_vaults_eye,
          nicolae_vaults_little_squares_6, v_misc_28,
          grunt_vaults_hallway_short, nicolae_vaults_ninety_degrees, v_misc_8,
          ontoclasm_vaults_shout, vaults_mumra_hex,
          ontoclasm_vaults_loading_screen, nicolae_vaults_little_squares_2,
          nicolae_vaults_little_squares_1, vaults_mumra_lcd,
          nicolae_vaults_ring_of_whatevers, layout_vaults_ring, serial_shops,
          shop
Vaults:2: nicolae_vaults_circle_grid_b, v_misc_11,
          vaults_standard_mumra_enter_the_diamond, v_alt_pattern_2,
          vaults_room_grid, nicolae_vaults_network_quinsquares
          [nicolae_vaults_network_quincunx_subvault,
          nicolae_vaults_network_quincunx_subvault,
          nicolae_vaults_network_quincunx_subvault,
          nicolae_vaults_network_quincunx_subvault], ontoclasm_vaults_ligature,
          nicolae_vaults_triangles, v_misc_14, nicolae_vaults_network_periphery,
          nicolae_vaults_ring_of_whatevers, ontoclasm_vaults_gateway, v_misc_16,
          ontoclasm_vaults_loading_screen, grunt_vaults_hallway_short,
          layout_vaults_omnibox, uniq_mennas, uniq_xtahua
Vaults:3: minmay_crypt_entry_necro_gods, hangedman_vaults_variations,
          hangedman_vaults_locks, v_misc_19, v_misc_27,
          nicolae_vaults_little_squares_1, st_lines, vaults_dpeg_cross,
          v_misc_13, nicolae_vaults_alarming, hangedman_vaults_impose,
          nicolae_vaults_sealed_display, grunt_vaults_funnel,
          layout_vaults_omnigrid, uniq_nikola, uniq_margery
Vaults:4: vaults_room_stairs_pillars, hangedman_vaults_snaps,
          dpeg_vaults_monster_box, v_misc_28, nicolae_vaults_yaktaur_gun_rack,
          nicolae_vaults_back_hallway, gammafunk_sealed_arena,
          vaults_room_mumra_shop_pool, v_misc_3, vaults_standard_mumra_x,
          layout_vaults_big_room, serial_shops, bzr_entry_dummy,
          nicolae_shop_stone
Vaults:5
Crypt:1:  cheibrodos_crypt_cold_storage, layout_catacombs,
          grunt_crypt_arrival_webbed
Crypt:2:  layout_misc_corridors
Crypt:3:  church_of_pain_bobbens, layout_chaotic_city
Depths:1: layout_cave_pools, nicolae_hexahallways,
          grunt_hell_entry_demonic_statue, serial_rivers,
          chequers_serial_rivers_marsh, chequers_serial_rivers_micro_c,
          chequers_serial_rivers_micro_d, chequers_serial_rivers_micro_e,
          chequers_serial_rivers_small_3, serial_shops,
          nicolae_inconvenience_store, amcnicky_mini_pool_medium
Depths:2: minmay_imperfect_grid, layout_cave_pools, enter_ziggurat_d,
          grunt_pan_entry_zigzag, hell_entry, fedhas_altar_fruit_tree,
          infiniplex_staircase_spiral_double, uniq_grunn, uniq_bai_suzhen
Depths:3: minmay_the_grid_octo_2x2 [minmay_the_grid_octo_horde,
          minmay_the_grid_octo_chip, minmay_the_grid_octo_pinwheel,
          minmay_the_grid_octo_prize_square_snowflake], layout_small_grid,
          grunt_hell_entry_dis_mu, serial_sigils_hangedman_carve, abyss_entry,
          grunt_pan_entry_sceptre, gammafunk_ghost_necromancy,
          minmay_misc_feat_four_crosses, infiniplex_staircase_pillars_3b
Depths:4: evilmike_zot_entry_basic, layout_cave_shapes, hell_entry, abyss_entry,
          rand_demon_pan_entry_7, minmay_fractal_squares_gapless_7, uniq_jory,
          uniq_parghit
Zot:1:    layout_gridlike
Zot:2:    hangedman_zot_vaults_quadrants, layout_onion_interference,
          kennysheep_underground_church
Zot:3:    layout_gridlike
Zot:4:    layout_gridlike
Zot:5:    layout_basic

Skill      XL: |  1  2  3  4  5  6  7  8  9 10 11 12 13 14 15 16 17 18 19 20 21 22 23 24 25 26 27 |
---------------+----------------------------------------------------------------------------------+-----
Polearms       | 3 4 5 6 8 9 11 12 14 | 14.0
Invocations    | 2 5 9 11 12 13 14 | 14.0
Dodging        | 5 8 12 14 18 20 | 20.6
Fighting       | 5 10 12 18 19 20 21 | 21.9
Armour         | 3 8 10 | 10.4
Shields        | 6 10 14 15 19 20 | 20.1
Throwing       | 6 9 10 | 10.0
Translocations | 3 5 7 12 | 12.7
Ice Magic      | 9 12 13 | 13.6
Spellcasting   | 3 8 10 | 10.0
Stealth        | 6 9 18 20 | 20.4
Transmutations | 15 16 20 23 27 | 27.0
Evocations     | 10 | 10.0
Conjurations   | 6 |  6.0
Earth Magic    | 4 |  4.0

Action                     |  1- 3 |  4- 6 |  7- 9 | 10-12 | 13-15 | 16-18 | 19-21 | 22-24 | 25-27 || total
---------------------------+-------+-------+-------+-------+-------+-------+-------+-------+-------++-------
  Melee: Trident           |   150 |   217 |   281 |   608 |       |       |       |       |       ||  1256
         Tailslap          |       |       |       |     2 |     2 |    46 |    16 |       |       ||    66
         Demon trident     |       |       |       |   238 |  1482 |  1468 |  2017 |  1366 |  2917 ||  9488
         Trishula          |       |       |       |       |       |       |       |   958 |   591 ||  1549
   Fire: Sling             |       |       |   114 |    11 |       |       |       |       |       ||   125
  Throw: Dart              |       |       |     5 |    16 |       |       |       |       |       ||    21
         Boomerang         |       |       |       |       |     7 |   121 |   269 |    96 |    62 ||   555
         Javelin           |       |       |       |       |       |    16 |       |    21 |     8 ||    45
   Cast: Apportation       |       |       |       |       |       |       |     5 |     1 |    11 ||    17
         Manifold Assault  |       |       |       |       |       |       |       |   351 |   710 ||  1061
         Passage of Golubr |       |       |       |       |       |       |       |       |     4 ||     4
         Statue Form       |       |       |       |       |       |       |       |       |     5 ||     5
 Invoke: Heroism           |       |       |     1 |    10 |     2 |     4 |     8 |     5 |     1 ||    31
         Finesse           |       |       |       |     4 |     1 |     3 |     4 |     4 |     5 ||    21
         Duel              |       |       |       |       |     1 |       |     2 |       |     1 ||     4
Ability: End Transformatio |       |       |       |       |       |       |       |       |     1 ||     1
  Evoke: Wand              |       |     1 |       |    13 |     9 |     1 |       |     2 |     1 ||    27
         Condenser vane    |       |       |       |       |       |     3 |     4 |     2 |     2 ||    11
         Phial of floods   |       |       |       |       |       |       |     1 |       |       ||     1
         Tin of tremorston |       |       |       |       |       |       |       |       |     2 ||     2
    Use: Potion            |       |     1 |     1 |     3 |       |     1 |     6 |     3 |    11 ||    26
         Scroll            |       |       |     9 |     4 |    14 |     6 |    10 |     3 |    12 ||    58
   Stab: Sleeping          |       |     4 |     2 |     1 |     1 |       |    19 |    35 |     7 ||    69
         Paralysed         |       |     4 |       |     5 |     5 |       |       |       |       ||    14
         Distracted        |       |       |     2 |     1 |     2 |     1 |     6 |     8 |     6 ||    26
         Petrified         |       |       |       |       |     2 |       |       |       |       ||     2
         Petrifying        |       |       |       |       |     1 |       |       |       |       ||     1
         Confused          |       |       |       |       |       |     2 |     4 |       |       ||     6
         Invisible         |       |       |       |       |       |       |       |    10 |       ||    10
 Armour: Scale mail        |    50 |    24 |       |       |       |       |       |       |       ||    74
         Leather armour    |       |     9 |    29 |    39 |       |       |       |       |       ||    77
         Skin              |       |       |     2 |     9 |       |       |       |       |    36 ||    47
         Swamp dragon scal |       |       |       |    14 |   107 |   228 |    21 |       |       ||   370
         Steam dragon scal |       |       |       |       |       |       |   209 |   156 |   234 ||   599
  Dodge: Dodged            |    47 |    36 |    53 |   184 |   281 |   561 |   761 |   637 |  1170 ||  3730
  Block: Buckler           |    27 |    74 |    92 |   305 |   451 |   660 |   888 |   713 |   125 ||  3335
         Reflection        |       |     2 |     2 |     7 |    34 |     8 |    63 |    19 |    28 ||   163
         Kite shield       |       |       |       |       |       |       |       |       |  1146 ||  1146

Table legend: (Time is in decaauts)
 A = Elapsed time spent in this place.
 B = Non-inter-level travel time spent in this place.
 C = Inter-level travel time spent in this place.
 D = Time resting spent in this place.
 E = Time spent auto-exploring this place.
 F = Levels seen in this place.
 G = Mean time per level.
                   A        B        C        D        E       F      G
               +--------+--------+--------+--------+--------+-----+--------+
         Total |  75618 |  66289 |   9329 |  18793 |  27595 |  63 | 1200.3 |
       Dungeon |  18795 |  15346 |   3449 |   2969 |   8324 |  15 | 1253.0 |
        Temple |     68 |     61 |      7 |      0 |     45 |   1 |   68.0 |
          Lair |   7480 |   6264 |   1216 |   1180 |   3344 |   5 | 1496.0 |
         Swamp |   2750 |   2654 |     96 |    737 |   1000 |   4 |  687.5 |
   Spider Nest |   6101 |   5609 |    492 |   1584 |   2305 |   4 | 1525.2 |
    Slime Pits |   2195 |   2118 |     77 |   1268 |    264 |   5 |  439.0 |
  Orcish Mines |   2284 |   1990 |    294 |    247 |    840 |   2 | 1142.0 |
   Elven Halls |   3359 |   2900 |    459 |    191 |   1542 |   3 | 1119.7 |
        Vaults |  11531 |   9805 |   1726 |   2651 |   3789 |   5 | 2306.2 |
         Crypt |   4569 |   4458 |    111 |   1742 |   1764 |   3 | 1523.0 |
        Depths |   8974 |   8100 |    874 |   3417 |   2761 |   4 | 2243.5 |
           Zot |   6718 |   6196 |    522 |   2575 |   1482 |   5 | 1343.6 |
        Bazaar |    284 |    284 |      0 |      0 |    132 |   2 |  142.0 |
      Ice Cave |    449 |    449 |      0 |    226 |      0 |   1 |  449.0 |
         Arena |     55 |     55 |      0 |      2 |      0 |   4 |   13.8 |
               +--------+--------+--------+--------+--------+-----+--------+

Top non-repeatable levels by time:
Vaults:5: 3358 daAuts
Depths:3: 3252 daAuts
Vaults:3: 2298 daAuts
     D:8: 2294 daAuts
  Lair:1: 2230 daAuts
Spider:4: 2176 daAuts
Depths:2: 2151 daAuts
Vaults:1: 2146 daAuts
Vaults:2: 2063 daAuts
   Zot:1: 2037 daAuts
   Zot:5: 1962 daAuts
  Lair:2: 1878 daAuts
Depths:1: 1817 daAuts
Depths:4: 1753 daAuts
   Orc:2: 1750 daAuts
